 Dungeon Crawl Stone Soup version 0.29-a0-1047-g7c58e119a4 (webtiles) character file.

Game seed: 794372735667326321

241 IdlyInterested the Cudgeller (level 5, 0/41 HPs)
             Began as a Demonspawn Wanderer on Aug 16, 2022.
             Slain by a hound (2 damage)
             ... on level 5 of the Dungeon.
             The game lasted 00:08:24 (2553 turns).

IdlyInterested the Cudgeller (Demonspawn Wanderer)  Turns: 2553, Time: 00:08:24

Health: 0/41       AC:  6    Str: 15    XL:     5   Next: 80%
Magic:  9/9        EV: 10    Int: 15    God:
Gold:   127        SH:  0    Dex: 10    Spells: 8/9 levels left

rFire   . . .      SeeInvis .   a - +3 mace
rCold   . . .      Faith    .   (no shield)
rNeg    . . .      Spirit   .   q - +0 ring mail
rPois   +          Reflect  .   m - +0 helmet
rElec   .          Harm     .   (no cloak)
rCorr   .          Rampage  .   (no gloves)
Will    +....                   (no boots)
Stlth   +.........              (no amulet)
HPRegen 0.13/turn               i - ring of poison resistance
MPRegen 0.22/turn               o - ring of willpower

@: no status effects
A: magic regeneration
a: no special abilities


You were on level 5 of the Dungeon.
You visited 1 branch of the dungeon, and saw 5 of its levels.

You collected 127 gold pieces.

Inventory:

Hand Weapons
 a - a +3 mace (weapon)
 t - a +0 flail
Missiles
 n - 3 curare-tipped darts
Armour
 d - a +0 leather armour
 m - a +0 helmet (worn)
 q - a +0 ring mail (worn)
Magical Staves
 p - a staff of air
Jewellery
 i - a ring of poison resistance (left hand)
 l - a ring of protection from fire
 o - a ring of willpower (right hand)
Wands
 b - a wand of flame (3)
Scrolls
 g - 2 scrolls of identify
 h - 2 scrolls of enchant weapon
 j - 2 scrolls of fear
 r - a scroll of magic mapping {unknown}
Potions
 c - a potion of invisibility
 e - a potion of ambrosia
 f - a potion of heal wounds
 k - 2 potions of lignification
 s - 2 potions of curing


   Skills:
 - Level 3.0 Fighting
 + Level 4.6 Maces & Flails
 - Level 2.0 Armour
 * Level 0.5 Dodging
 - Level 1.0 Stealth
 * Level 2.9 Spellcasting
 - Level 3.0 Evocations


You had 8 spell levels left.
You knew the following spells:

 Your Spells              Type           Power      Damage    Failure   Level
a - Sandblast             Erth           4%         2d4       36%         1

Your spell library contained the following spells:

 Spells                   Type           Power      Damage    Failure   Level
 Apportation              Tloc           4%         N/A       36%         1
 Necrotise                Necr           8%         1d4       36%         1
 Summon Small Mammal      Summ           8%         N/A       36%         1
 Stone Arrow              Conj/Erth      4%         3d7       75%         3
 Alistair's Intoxication  Tmut/Pois      1%         N/A       100%        5


Dungeon Overview and Level Annotations

Branches:
Dungeon (6/15)
 Temple: D:4-7

Altars:
Uskayaw


Innate Abilities, Weirdness & Mutations

You regenerate magic rapidly.


Message History

The hound is heavily wounded.
The hound closely misses you.
A hound comes into view.
The hound bites you but does no damage.
The hound barks!
You hit the hound.
The hound is almost dead.
The hound barely misses you. The hound closely misses you.
You closely miss the hound.
The hound is almost dead.
The hound bites you but does no damage.
A necrophage comes into view.
The gnoll sergeant hits you from afar with a +0 spear.
You closely miss the hound.
The hound is almost dead.
The hound bites you but does no damage.
The gnoll sergeant hits you from afar with a +0 spear!
The hound bites you.
You hit the hound.
You kill the hound!
The gnoll sergeant closely misses you. The ufetubus hits you.
The ufetubus closely misses you.
Your magical contamination has completely faded away.
The hound attacks as you move away! The hound bites you but does no damage.
You hit the hound.
The hound is lightly wounded.
The hound misses you. The hound bites you.
The gnoll sergeant barely misses you.
You hit the hound.
The hound is moderately wounded.
The hound bites you. x2
* * * LOW HITPOINT WARNING * * *
The gnoll sergeant hits you from afar with a +0 spear.
* * * LOW HITPOINT WARNING * * *
You barely miss the hound.
The hound is moderately wounded.
The hound bites you.
* * * LOW HITPOINT WARNING * * *
The gnoll sergeant barely misses you. The hound bites you.
You die...

#......# # #......# #
#......###..
#.#.#......#
###.#...####
###..)##......
###...#..#.##...
#####........####...
#5h@..........#.....
#..g##.#........##....
#...#.
#.....#.....#.... ....
.. ##........#.##...
... ...
#...........#... #.
.... ##........#.#...
. ..#.. #..#...###
#... ..)... #...###
##.. #..


You could see a gnoll sergeant, a hound and an ufetubus.

Vanquished Creatures
  A centaur (D:5)
  A hound (D:5)
  An iguana (D:2)
  Natasha (D:3)
  An adder (D:2)
  A white imp (D:5)
  2 worms
  A dart slug (D:1)
  4 ball pythons
  4 endoplasms
  2 giant cockroaches
  3 goblins
  3 hobgoblins
  6 jackals
  7 kobolds
  5 quokkas
  7 bats
  2 frilled lizards
  6 rats
58 creatures vanquished.

Notes
Turn   | Place    | Note
-------+----------+-------------------------------------------
     0 | D:1      | IdlyInterested the Demonspawn Wanderer began the quest for
                  | the Orb.
     0 | D:1      | IdlyInterested set off with the following items: a +2 mace,
                  | a wand of flame (3), a potion of invisibility, a +0 leather
                  | armour; and the following spell memorised: Sandblast; and
                  | the following spells available to memorise: Stone Arrow.
     0 | D:1      | Reached XP level 1. HP: 13/13 MP: 3/3
    70 | D:1      | Reached skill level 1 in Fighting
    72 | D:1      | Gained mutation: You regenerate magic rapidly. [demonic
                  | ancestry]
    72 | D:1      | Reached XP level 2. HP: 19/21 MP: 1/5
   723 | D:1      | Reached skill level 1 in Armour
   761 | D:1      | Reached XP level 3. HP: 24/24 MP: 4/6
  1329 | D:2      | Found a hide-covered altar of Uskayaw.
  1359 | D:2      | Reached skill level 4 in Maces & Flails
  1606 | D:2      | Reached XP level 4. HP: 32/34 MP: 7/7
  2002 | D:3      | Noticed Natasha
  2018 | D:3      | Killed Natasha
  2376 | D:3      | You fall into a shaft and drop 3 floors!
  2378 | D:5      | Entered Level 5 of the Dungeon
  2434 | D:5      | Noticed a centaur
  2450 | D:5      | Killed a centaur
  2451 | D:5      | Reached XP level 5. HP: 30/41 MP: 7/9
  2553 | D:5      | HP: 2/41 [hound (4)]
  2553 | D:5      | Slain by a hound

Illustrated notes

Levels and vault maps discovered:
D:1:      minmay_arrival_four_houses, layout_loops_ring, grunt_decor_cap
D:2:      layout_basic, basic_altar
D:3:      layout_basic, serial_shops, shop, uniq_crazy_yiuf_cottage,
          uniq_natasha, uniq_ijyb, uniq_robin
D:5:      minmay_skewed_foursquare, layout_rooms, serial_shops, shop,
          reono_crystal_passage, nicolae_shop_self_help
D:6:      layout_loops_cross, serial_shops, shop, uniq_blork_the_orc

Skill      XL: |  1  2  3  4 |
---------------+-------------+-----
Fighting       | 1 2 3 |  3.0
Armour         | 1 2 |  2.0
Maces & Flails | 4 |  4.6
Dodging        | |  0.5
Stealth        | |  1.0
Spellcasting   | |  2.9
Evocations     | |  3.0

Action                   |  1- 3 |  4- 6 || total
-------------------------+-------+-------++-------
Melee: Mace              |    96 |    59 ||   155
       Punch             |       |     1 ||     1
 Cast: Sandblast         |    28 |     2 ||    30
  Use: Scroll            |     6 |     3 ||     9
       Potion            |       |     1 ||     1
 Stab: Sleeping          |     1 |       ||     1
Armor: Leather armour    |    37 |       ||    37
       Ring mail         |       |    29 ||    29
Dodge: Dodged            |    71 |    71 ||   142

Table legend: (Time is in decaauts)
 A = Elapsed time spent in this place.
 B = Non-inter-level travel time spent in this place.
 C = Inter-level travel time spent in this place.
 D = Time resting spent in this place.
 E = Time spent auto-exploring this place.
 F = Levels seen in this place.
 G = Mean time per level.
                   A        B        C        D        E       F      G
               +--------+--------+--------+--------+--------+-----+--------+
         Total |   2598 |   2437 |    161 |    800 |   1045 |   5 |  519.6 |
       Dungeon |   2598 |   2437 |    161 |    800 |   1045 |   5 |  519.6 |
               +--------+--------+--------+--------+--------+-----+--------+

Top non-repeatable levels by time:
     D:1: 1168 daAuts
     D:2: 1167 daAuts
     D:5: 178 daAuts
     D:3: 82 daAuts
     D:6: 1 daAuts
